 Dungeon Crawl Stone Soup version 0.30.0-5-g1a98f26d00 (webtiles) character file.

Game seed: 1247146619625246528

2655 monsoonserge the Covered (level 9, -13/66 HPs)
             Began as a Mummy Warper on May 12, 2023.
             Was an Elder of Okawaru.
             Mangled by a gnoll
             ... wielding a +0 halberd
             ... led by a gnoll sergeant
              (16 damage)
             ... on level 7 of the Dungeon on May 13, 2023.
             The game lasted 00:44:30 (7630 turns).

monsoonserge the Covered (Mummy Warper)             Turns: 7630, Time: 00:44:32

Health: -13/66     AC:  5    Str: 14    XL:     9   Next: 36%
Magic:  0/13       EV: 12    Int: 16    God:    Okawaru [****..]
Gold:   378        SH:  4    Dex: 12    Spells: 9/14 levels left

rFire   + . .        x - +5 trident (vamp)
rCold   + . .        y - +0 buckler
rNeg    + + +        F - +2 robe {rF+}
rPois   ∞            (no helmet)
rElec   .            u - +0 cloak
rCorr   .            (no gloves)
SInv    +            (no boots)
Will    +....        v - amulet of guardian spirit
Stlth   ++           p - ring of see invisible
HPRegen 0.31/turn    z - ring of protection from fire
MPRegen 0.13/turn

%: guardian spirit, faith
@: no status effects
A: cold resistance 1, negative energy resistance 3, torment resistance 2, heat
vulnerability 1, in touch with death 1, no potions, faith
a: Renounce Religion, Heroism, Finesse


You were on level 7 of the Dungeon.
You worshipped Okawaru.
Okawaru was greatly pleased with you.
You visited 2 branches of the dungeon, and saw 8 of its levels.
You also visited: Ossuary.

You collected 378 gold pieces.

Inventory:

Hand Weapons
 a - a +4 halberd
 i - a +2 whip of flaming
 x - a +5 vampiric trident (weapon)
 C - a +1 rapier of venom
Missiles
 b - 11 boomerangs
 d - 5 boomerangs of dispersal (quivered)
 k - 43 stones
 A - 3 poisoned darts
Armour
 u - a +0 cloak (worn)
 y - a +0 buckler (worn)
 D - a +2 robe of willpower
 F - a +2 robe of fire resistance (worn)
Jewellery
 l - a ring of ice
 n - a ring of wizardry
 p - a ring of see invisible (left hand)
 v - an amulet of guardian spirit (around neck)
 z - a ring of protection from fire (right hand)
Wands
 t - a wand of polymorph (12)
 E - a wand of flame (15)
Scrolls
 c - a scroll of blinking
 e - 3 scrolls of amnesia {unknown}
 f - 8 scrolls of identify {unknown}
 g - 2 scrolls of vulnerability {unknown}
 h - a scroll of silence {unknown}
 j - a scroll of acquirement {unknown}
 m - 5 scrolls of immolation {unknown}
 o - 2 scrolls of noise {unknown}
 q - 2 scrolls of enchant weapon {unknown}
 r - 6 scrolls of fog {unknown}
 s - 2 scrolls of magic mapping {unknown}
 w - a scroll of teleportation {unknown}
 B - a scroll of enchant armour {unknown}


   Skills:
 + Level 4.4 Fighting
 + Level 2.2 Short Blades
 + Level 1.7(3.2) Axes
 + Level 4.1(4.3) Polearms
 + Level 1.2 Throwing
 + Level 4.8 Armour
 + Level 3.2 Dodging
 - Level 1.0 Stealth
 * Level 3.3 Shields
 - Level 3.0 Spellcasting
 * Level 4.8 Translocations
 * Level 2.0 Invocations
 * Level 1.8 Evocations


You had 9 spell levels left.
You knew the following spells:

 Your Spells              Type           Power      Damage    Failure   Level
a - Blink                 Tloc           36%        N/A       4%          2
b - Teleport Other        Tloc           18%        N/A       10%         3

Your spell library contained the following spells:

 Spells                   Type           Power      Damage    Failure   Level
 Apportation              Tloc           36%        N/A       3%          1
 Lesser Beckoning         Tloc           36%        N/A       4%          2
 Necrotise                Necr           12%        1d4       24%         1
 Vhi's Electric Charge    Tloc/Air       20%        N/A       26%         3
 Manifold Assault         Tloc           18%        N/A       32%         4
 Ozocubu's Armour         Ice            2%         N/A       58%         3
 Metabolic Englaciation   Hex/Ice        1%         N/A       100%        5
 Ozocubu's Refrigeration  Ice            1%         4d7       100%        7
 Polar Vortex             Ice            1%         N/A       100%        9
 Summon Small Mammal      Summ           Unusable   N/A       N/A         1
 Simulacrum               Ice/Necr       Unusable   N/A       N/A         6

Dungeon Overview and Level Annotations

Branches:
Dungeon (7/15)             Temple (1/1) D:6         Ossuary (visited)

Altars:
Fedhas
Okawaru
Sif Muna
Xom

Annotations:
D:3 2 transporters, TheFallenCrow's ghost, amateur DsTm


Innate Abilities, Weirdness & Mutations

You are immune to poison.
Your flesh is cold resistant. (rC+)
You are immune to negative energy. (rN+++)
You are immune to unholy pain and torment.
You are vulnerable to heat. (rF-)
You are in touch with the powers of death.
You do not drink.
You have a special connection with the divine. (Faith)


Message History

The gnoll closely misses you. The gnoll barely misses you.
The gnoll hits you with a +0 club!
* * * LOW HITPOINT WARNING * * *
The ufetubus hits you.
* * * LOW HITPOINT WARNING * * *
The ufetubus barely misses you.
Reach: x) +5 trident (vamp)
Press: ? - help, Dir - move target, f/p - gnoll
Aim: a gnoll, wielding a +0 halberd (moderately wounded, about 31% to evade your +5 vampiric trident)
The gnoll is in the way.
You barely miss the gnoll.
The gnoll is severely wounded.
The ufetubus barely misses you.
The ufetubus hits you but does no damage.
The gnoll sergeant barely misses you. The gnoll barely misses you.
The gnoll hits you from afar with a +0 halberd.
* * * LOW HITPOINT WARNING * * *
The ufetubus barely misses you.
The ufetubus hits you but does no damage.
Reach: x) +5 trident (vamp)
Press: ? - help, Dir - move target, f - gnoll, p - gnoll
Aim: a gnoll, wielding a +0 club (severely wounded, about 31% to evade your +5 vampiric trident)
You hit the gnoll.
You kill the gnoll!
Okawaru accepts your kill.
The gnoll sergeant hits you from afar with a +0 spear.
* * * LOW HITPOINT WARNING * * *
The gnoll hits you but does no damage. You block the gnoll's attack.
The ufetubus barely misses you. The ufetubus closely misses you.
Unknown command.
Throw: 6 boomerangs (disperse)
Press: ? - help, Q - select action, (/) - cycle Shift-Dir - straight line, f - gnoll sergeant
Aim: a gnoll sergeant, wielding a +0 spear and wearing a +0 ring mail (67% to hit)
You throw a boomerang of dispersal.
The boomerang of dispersal closely misses the gnoll sergeant.
The ufetubus barely misses you. The ufetubus closely misses you.
You block the gnoll sergeant's attack. The gnoll barely misses you.
The gnoll misses you. The ufetubus closely misses you. The ufetubus hits you.
* * * LOW HITPOINT WARNING * * *
The gnoll hits you from afar with a +0 halberd!
You die...

...5.....)........#.....
##.5.....##.##.##....
#..†....##.##..#####
#.g.....##.###..#
#..!....##.# ##.###
#.......##.# #...#
#.######gg####.######.##
#$.....5).# #....# #...
......)@g.# #....# ###.
##.......[# #.!..# ##
#........# ###### #
#.........# #
##.######## # .. #


You could see a gnoll sergeant, 2 gnolls and an ufetubus.

Vanquished Creatures
  Pikel (D:6)
  Prince Ribbit (D:6)
  Menkaure (D:5)
  2 water moccasins
  An ice beast (D:6)
  2 black bears (D:6)
  An ogre (D:6)
  A phantom (D:6)
  A bullfrog (D:7)
  A gnoll sergeant (D:4)
  4 wights
  A howler monkey (D:4)
  A centaur zombie (Ossuary)
  A jelly (D:6)
  2 human zombies (Ossuary)
  2 orc priests
  A gnoll bouda (D:6)
  3 hounds
  3 sleepcaps
  An iguana (D:5)
  An orc wizard (D:3)
  3 mummies
  8 adders
  17 gnolls
  A shadow imp (D:6)
  A white imp (D:5)
  An ufetubus (D:7)
  An adder zombie (Ossuary)
  A worm (D:4)
  3 dart slugs
  26 orcs
  3 ball pythons
  9 endoplasms
  8 giant cockroaches
  6 goblins
  3 hobgoblins (D:2)
  3 jackals (D:1)
  3 quokkas
  7 bats
  4 frilled lizards
  2 goblin zombies (Ossuary)
  8 hobgoblin zombies (Ossuary)
  3 jackal zombies (Ossuary)
  5 kobolds
  8 kobold zombies (Ossuary)
  12 orc zombies (Ossuary)
  5 rats
  A spectral goblin (D:1)
184 creatures vanquished.

Notes
Turn   | Place    | Note
-------+----------+-------------------------------------------
     0 | D:1      | monsoonserge the Mummy Warper began the quest for the Orb.
     0 | D:1      | Reached XP level 1. HP: 16/16 MP: 4/4
   242 | D:1      | Reached XP level 2. HP: 22/22 MP: 5/5
   315 | D:1      | Found a faded altar of an unknown god.
   337 | D:1      | Prayed at the altar of an unknown god.
   337 | D:1      | Became a worshipper of Warmaster Okawaru
   337 | D:1      | Reached * piety under Okawaru
   425 | D:1      | Learned a level 2 spell: Blink
   909 | D:2      | Reached skill level 1 in Armour
   909 | D:2      | Gained mutation: You are in touch with the powers of death.
                  | [Mummy growth]
   909 | D:2      | Reached XP level 3. HP: 28/28 MP: 7/7
  1492 | D:3      | Found a transporter.
  1498 | D:3      | Noticed TheFallenCrow's ghost (amateur DsTm)
  1562 | D:3      | Found a transporter.
  1579 | D:3      | Reached XP level 4. HP: 34/34 MP: 8/8
  1999 | D:4      | Reached ** piety under Okawaru
  2004 | D:4      | Found a blossoming altar of Fedhas.
  2026 | D:4      | Reached skill level 1 in Invocations
  2026 | D:4      | Reached XP level 5. HP: 35/39 MP: 9/9
  2124 | D:4      | Reached skill level 1 in Short Blades
  3063 | D:4      | Reached XP level 6. HP: 43/46 MP: 10/10
  3370 | D:5      | Entered Level 5 of the Dungeon
  3397 | D:5      | Reached skill level 1 in Evocations
  3660 | D:5      | Noticed Menkaure
  4115 | D:5      | Killed Menkaure
  4115 | D:5      | Reached *** piety under Okawaru
  4116 | D:5      | Reached XP level 7. HP: 51/51 MP: 11/11
  4217 | D:4      | Reached skill level 1 in Shields
  4863 | D:6      | Found a staircase to the Ecumenical Temple.
  4870 | Temple   | Entered the Ecumenical Temple
  4896 | D:6      | Reached skill level 1 in Throwing
  5176 | D:6      | Reached skill level 1 in Polearms
  5534 | D:6      | Reached XP level 8. HP: 24/58 MP: 0/12
  5741 | D:6      | Found a shimmering blue altar of Sif Muna.
  5843 | D:7      | Noticed Pikel
  5861 | D:6      | Killed Pikel
  5861 | D:6      | Received a gift from Okawaru
  5998 | D:6      | Learned a level 3 spell: Teleport Other
  6052 | D:7      | Reached **** piety under Okawaru
  6068 | D:7      | Found a sand-covered staircase.
  6083 | Ossuary  | Entered an ossuary
  6263 | Ossuary  | HP: 3/60 [jackal zombie (2)]
  6562 | D:7      | Noticed Prince Ribbit
  6728 | D:6      | Reached XP level 9. HP: 58/65 MP: 10/13
  6788 | D:6      | Killed Prince Ribbit
  7585 | D:7      | Reached skill level 1 in Stealth
  7630 | D:7      | HP: 3/66 [ufetubus (1)]
  7630 | D:7      | Mangled by a gnoll

Illustrated notes

Levels and vault maps discovered:
D:1:      co_arrival_two_rings, layout_loops_ring,
          dreamdust_ecumenical_altar_drowned_temple
D:2:      layout_loops_ring, kennysheep_generic_room_5
D:3:      layout_loops_ring, gammafunk_ghost_mausoleum, minmay_misc_feat_roman,
          kennysheep_generic_room_3
D:4:      layout_cave_pods, fedhas_altar_2
D:5:      layout_cave_pods, uniq_menkaure
D:6:      layout_gridville, mainiacjoe_overflow_six_doors_small, led_sif_pool,
          minmay_temple_entry_arrows
D:7:      layout_rooms, gup_ossuary_entry_pyramid, minmay_misc_feat_tiny,
          uniq_prince_ribbit1, uniq_pikel
Temple:   bh_familiar_temple

Skill      XL: |  1  2  3  4  5  6  7  8  9 |
---------------+----------------------------+-----
Armour         | 1 2 3 4 |  4.8
Translocations | 3 4 |  4.8
Invocations    | 1 2 |  2.0
Short Blades   | 2 |  2.2
Evocations     | 1 |  1.8
Dodging        | 2 3 |  3.2
Spellcasting   | 3 |  3.0
Fighting       | 3 4 |  4.4
Shields        | 1 3 |  3.3
Throwing       | 1 |  1.2
Polearms       | 1 3 4 |  4.1
Stealth        | 1 |  1.0
Axes           | |  1.7

Action                     |  1- 3 |  4- 6 |  7- 9 || total
---------------------------+-------+-------+-------++-------
  Melee: Hand axe          |    24 |       |       ||    24
         Dagger            |   117 |   188 |       ||   305
         Punch             |       |     3 |       ||     3
         Trident           |       |    13 |   373 ||   386
  Throw: Stone             |       |     3 |       ||     3
         Boomerang         |       |     1 |    25 ||    26
   Cast: Blink             |       |     2 |     8 ||    10
 Invoke: Heroism           |       |       |     4 ||     4
   Stab: Sleeping          |       |       |     1 ||     1
 Armour: Leather armour    |    12 |       |       ||    12
         Scale mail        |    37 |    92 |    61 ||   190
         Robe              |       |       |    71 ||    71
  Dodge: Dodged            |    65 |   119 |   310 ||   494
  Block: Buckler           |       |     3 |   100 ||   103
